 Dungeon Crawl Stone Soup version 0.29-a0-43-g62a80824bf (webtiles) character file.

Game seed: 1916827918575121532

647 Ajdolov the Basher (level 7, -2/57 HPs)
             Began as a Minotaur Fighter on Feb 2, 2022.
             Slain by Duvessa (5 damage)
             ... on level 4 of the Dungeon.
             The game lasted 00:04:46 (3800 turns).

Ajdolov the Basher (Minotaur Fighter)               Turns: 3800, Time: 00:04:47

Health: -2/57      AC: 12    Str: 22    XL:     7   Next: 27%
Magic:  6/6        EV:  9    Int:  5    God:
Gold:   157        SH:  4    Dex: 10    Spells: 6/6 levels left

rFire   + + .      SeeInvis .   a - +0 flail
rCold   . . .      Faith    .   c - +0 buckler
rNeg    . . .      Spirit   .   t - +4 scale mail "Biloud Wepre" {Fly rF++}
rPois   .          Reflect  .   (helmet restricted)
rElec   .          Harm     .   f - +0 cloak
rCorr   .          Rampage  .   (no gloves)
Will    .....                   (no boots)
Stlth   ..........              (no amulet)
HPRegen 0.19/turn               (no ring)
MPRegen 0.10/turn               (no ring)

@: lit by a corona, flying, glowing
A: horns 2, retaliatory headbutt
a: no special abilities


You were on level 4 of the Dungeon.
You visited 1 branch of the dungeon, and saw 5 of its levels.

You collected 157 gold pieces.

Inventory:

Hand Weapons
 a - a +0 flail (weapon)
Armour
 c - a +0 buckler (worn)
 f - a +0 cloak (worn)
 t - the +4 scale mail "Biloud Wepre" (worn) {Fly rF++}
   (You found it on level 4 of the Dungeon)

   rF:        It greatly protects you from fire.
   Fly:       It grants you flight.
Scrolls
 b - a scroll of amnesia {unknown}
 g - 3 scrolls of enchant weapon {unknown}
 h - 3 scrolls of identify {unknown}
 j - a scroll of immolation {unknown}
 k - 3 scrolls of torment {unknown}
 l - a scroll of blinking {unknown}
 o - a scroll of teleportation {unknown}
 s - a scroll of enchant armour {unknown}
Potions
 d - 2 potions of might
 e - 2 potions of curing {unknown}
 i - a potion of invisibility {unknown}
 m - 2 potions of heal wounds {unknown}
 n - a potion of lignification {unknown}
 p - a potion of flight {unknown}
 q - a potion of brilliance {unknown}
 r - a potion of mutation {unknown}


   Skills:
 - Level 3.6 Fighting
 + Level 9.8 Maces & Flails
 - Level 3.6 Armour
 - Level 3.6 Shields


You had 6 spell levels left.
You didn't know any spells.
Your spell library contained the following spells:

 Spells                   Type           Power      Damage    Failure   Level
 Slow                     Hex            0%         N/A       88%         1
 Confusing Touch          Hex            0%         N/A       99%         3
 Stone Arrow              Conj/Erth      0%         3d7       99%         3
 Vampiric Draining        Necr           0%         2d6       99%         3
 Animate Armour           Summ/Erth      0%         N/A       100%        4
 Conjure Ball Lightning   Conj/Air       0%         3x3d6     100%        6
 Discord                  Hex            0%         N/A       100%        8
 Disjunction              Tloc           0%         N/A       100%        8
 Lehudib's Crystal Spear  Conj/Erth      0%         10d2      100%        8


Dungeon Overview and Level Annotations

Branches:
Dungeon (5/15)
 Temple: D:4-7

Altars:
Elyvilon
Hepliaklqana
Nemelex Xobeh
Trog
Vehumet
Wu Jian
The Shining One

Shops:
D:5 [

Annotations:
D:3 1 runed translucent door, benappo's ghost, amateur DjVM
D:4 Duvessa


Innate Abilities, Weirdness & Mutations

You have a pair of horns on your head.
You reflexively headbutt those who attack you in melee.


Message History

Duvessa hits you with a +0 short sword! Duvessa barely misses you.
Things that are here:
a +0 dagger; a +0 robe; the elf corpse of Dowan Duvessa hits you with a +0 short sword!
You completely miss Duvessa. Your headbutt misses Duvessa.
Duvessa is lightly wounded.
Duvessa hits you with a +0 short sword!
Throw: throwing net
Press: ? - help, Q - select action Shift-Dir - straight line, f - Duvessa
Aim: Duvessa, wielding a +0 short sword and wearing a +2 ring mail of fire resistance (lightly wounded, berserk, 64% to hit)
You throw a throwing net. The throwing net hits Duvessa.
Duvessa is caught in the net!
Duvessa is lightly wounded.
Duvessa struggles against the net. x2
You thump Duvessa! You headbutt Duvessa, but do no damage.
Duvessa is moderately wounded.
Duvessa struggles against the net.
You catch the helpless Duvessa completely off-guard!
You hit Duvessa.
Duvessa is moderately wounded.
Duvessa struggles against the net.
The net rips apart, and Duvessa comes free!
You sock Duvessa!
Duvessa is heavily wounded.
Duvessa hits you with a +0 short sword!
* * * LOW HITPOINT WARNING * * *
Duvessa hits you but does no damage.
You sock Duvessa!
Duvessa is severely wounded.
Duvessa hits you with a +0 short sword.
* * * LOW HITPOINT WARNING * * *
You barely miss Duvessa.
Duvessa is severely wounded.
Duvessa barely misses you. You furiously retaliate!
You headbutt Duvessa, but do no damage. Duvessa closely misses you.
You barely miss Duvessa. You headbutt Duvessa!
Duvessa is almost dead.
Duvessa hits you with a +0 short sword.
You die...

##################
................>#
###'############e#
#........#### #@#
'........'.<# #.#
#........#### #.#
#........# #.#
#........# #.#
#........#######.#
#................#
###'####.#########
#.####'####


You could see Duvessa (berserk).

Vanquished Creatures
  An ice beast (D:5)
  A phantom (D:4)
  2 scorpions
  Dowan (D:4)
  An orc priest (D:2)
  A hound (D:2)
  An iguana (D:4)
  A hound zombie (D:5)
  A hound skeleton (D:5)
  3 adders
  8 gnolls
  A white imp (D:5)
  An ufetubus (D:4)
  An adder skeleton (D:4)
  3 worms
  A dart slug (D:1)
  4 orcs
  4 bats
  11 endoplasms
  3 giant cockroaches
  5 goblins
  5 hobgoblins
  7 kobolds
  4 quokkas
  6 ball pythons
  2 frilled lizards
  5 rats
84 creatures vanquished.

Vanquished Creatures (others)
  A kobold (D:1)
  8 toadstools (D:5)
9 creatures vanquished.

Grand Total: 93 creatures vanquished

Notes
Turn   | Place    | Note
-------+----------+-------------------------------------------
     0 | D:1      | Ajdolov the Minotaur Fighter began the quest for the Orb.
     0 | D:1      | Reached XP level 1. HP: 19/19 MP: 0/0
    72 | D:1      | Reached skill level 3 in Maces & Flails
   105 | D:1      | Reached XP level 2. HP: 26/26 MP: 1/1
   341 | D:1      | Reached skill level 4 in Maces & Flails
   478 | D:1      | Reached XP level 3. HP: 30/31 MP: 2/2
   519 | D:1      | Found a faded altar of an unknown god.
   998 | D:2      | Reached skill level 5 in Maces & Flails
  1003 | D:2      | Reached XP level 4. HP: 35/39 MP: 3/3
  1254 | D:2      | Noticed a scorpion
  1270 | D:2      | Killed a scorpion
  1271 | D:2      | Reached skill level 6 in Maces & Flails
  1271 | D:2      | Reached XP level 5. HP: 34/45 MP: 4/4
  1405 | D:2      | Found a bloodstained altar of Trog.
  1593 | D:2      | Reached skill level 7 in Maces & Flails
  1783 | D:3      | Found a sparkling altar of Nemelex Xobeh.
  1969 | D:3      | Found a runed translucent door.
  1990 | D:3      | Found a hazy altar of Hepliaklqana.
  2091 | D:3      | Found a glowing golden altar of the Shining One.
  2133 | D:3      | Noticed benappo's ghost (amateur DjVM)
  2237 | D:4      | Reached XP level 6. HP: 51/51 MP: 5/5
  2317 | D:4      | Reached skill level 8 in Maces & Flails
  2542 | D:4      | Found a radiant altar of Vehumet.
  2792 | D:4      | Found an ornate altar of the Wu Jian Council.
  3103 | D:4      | Identified the +4 scale mail "Biloud Wepre" {Fly rF++}
  3244 | D:5      | Entered Level 5 of the Dungeon
  3245 | D:5      | Noticed an ice beast
  3247 | D:5      | Found a white marble altar of Elyvilon.
  3256 | D:5      | Killed an ice beast
  3257 | D:5      | Reached skill level 9 in Maces & Flails
  3280 | D:5      | Found Mipuite's Antique Armour Shop.
  3285 | D:5      | Reached XP level 7. HP: 54/57 MP: 6/6
  3447 | D:5      | Noticed Duvessa
  3448 | D:5      | Noticed Dowan
  3790 | D:4      | Killed Dowan
  3798 | D:4      | HP: 2/57 [Duvessa (3)]
  3800 | D:4      | Slain by Duvessa

Illustrated notes

Levels and vault maps discovered:
D:1:      dpeg_arrival_shrine, layout_basic, shapermc_ecumenical_altar_ellora,
          minmay_splitting_lines
D:2:      wad_pebble_path, layout_loops_ring, basic_altar
D:3:      layout_rooms, general_overflow_altar, nemelex_spade_bored_becter,
          tso_oasis_becter, ebering_ghost_reflecting_pool
D:4:      layout_basic, nicolae_wu_jian_immortal_techniques,
          nicolae_vehumet_radiance
D:5:      cheibrodos_fertilizer, layout_loops_cross, kennysheep_little_box,
          grunt_dithmenos_shadows,
          nicolae_gozag_cash_rules_everything_around_me, serial_shops, shop,
          hangedman_abyss_or_decor_stabs, uniq_blork_the_orc, uniq_duvessa

Skill      XL: |  1  2  3  4  5  6 |
---------------+-------------------+-----
Maces & Flails | 3 4 5 6 7 9 |  9.8
Fighting       | |  3.6
Armour         | |  3.6
Shields        | |  3.6

Action                   |  1- 3 |  4- 6 |  7- 9 || total
-------------------------+-------+-------+-------++-------
Melee: Flail             |    55 |   115 |    32 ||   202
       Headbutt          |     9 |    15 |     7 ||    31
Throw: Throwing net      |       |       |     1 ||     1
 Stab: Held in net/web   |       |       |     1 ||     1
Armor: Scale mail        |    11 |    37 |    11 ||    59
Dodge: Dodged            |    22 |    55 |    11 ||    88
Block: Buckler           |    21 |    19 |     2 ||    42

Table legend: (Time is in decaauts)
 A = Elapsed time spent in this place.
 B = Non-inter-level travel time spent in this place.
 C = Inter-level travel time spent in this place.
 D = Time resting spent in this place.
 E = Time spent auto-exploring this place.
 F = Levels seen in this place.
 G = Mean time per level.
                   A        B        C        D        E       F      G
               +--------+--------+--------+--------+--------+-----+--------+
         Total |   3824 |   3719 |    105 |    515 |   2653 |   5 |  764.8 |
       Dungeon |   3824 |   3719 |    105 |    515 |   2653 |   5 |  764.8 |
               +--------+--------+--------+--------+--------+-----+--------+

Top non-repeatable levels by time:
     D:4: 1393 daAuts
     D:2: 849 daAuts
     D:1: 754 daAuts
     D:3: 590 daAuts
     D:5: 236 daAuts
